 Dungeon Crawl Stone Soup version 0.18-a0-1443-ge8f1551 (webtiles) character file.

21227 Duffy the Cleaver (level 12, 0/92 HPs)
             Began as a Demonspawn Gladiator on Feb 29, 2016.
             Was the Champion of Cheibriados.
             Slain by a ten-headed hydra (8 damage)
             ... on level 2 of the Lair of Beasts.
             The game lasted 00:18:27 (16656 turns).

Duffy the Cleaver (Demonspawn Gladiator)           Turns: 16656, Time: 00:18:27

Health: 0/92       AC: 20    Str: 34    XL:     12   Next: 52%
Magic:  17/17      EV: 19    Int: 30    God:    Cheibriados [******]
Gold:   1166       SH:  0    Dex: 29    Spells: 0 memorised, 11 levels left

rFire  + + .     SeeInvis .     L - +0 battleaxe
rCold  + . .     Gourm    .     h - +5 ring mail of Parlour Games {*Contam rF+ MR+++ Int+4}
rNeg   . . .     Faith    +     (shield currently unavailable)
rPois  +         Spirit   .     (helmet restricted)
rElec  .         Dismiss  .     x - +0 cloak
rCorr  .         Reflect  .     (no gloves)
SustAt .         Harm     .     l - +0 pair of boots
MR     +++..                    B - amulet of faith
Stlth  ++........               j - ring of protection from cold
                                z - ring of poison resistance

@: very slow, extremely resistant to hostile enchantments, unstealthy
A: horns 2, iridescent scales 2, fire resistance 1, powered by pain 1
a: Bend Time, Temporal Distortion, Slouch, Step From Time, Renounce Religion


You were on level 2 of the Lair of Beasts.
You worshipped Cheibriados.
Cheibriados was exalted by your worship.
You were not hungry.

You visited 4 branches of the dungeon, and saw 15 of its levels.
You also visited: Labyrinth.

You collected 1166 gold pieces.


Innate Abilities, Weirdness & Mutations

You have a pair of horns on your head.
You are mostly covered in iridescent scales (AC +6).
Your flesh is heat resistant.
You sometimes gain a little power by taking damage.


   Skills:
 - Level 8.0 Fighting
 * Level 14.1 Axes
 - Level 1.7 Throwing
 - Level 6.8 Armour
 + Level 6.9 Dodging
 + Level 7.8 Invocations


You had 11 spell levels left.
You didn't know any spells.

Inventory:

Hand Weapons
 L - a +0 battleaxe (weapon)
 W - a +2 flail of crushing
Missiles
 d - 4 throwing nets
 e - 5 javelins (quivered)
 n - 24 poisoned needles
Armour
 h - the +5 ring mail of Parlour Games (worn) {*Contam rF+ MR+++ Int+4}

   It affects your intelligence (+4).
   It protects you from fire.
   It affects your resistance to hostile enchantments.
   It causes magical contamination when unequipped.
 l - a +0 pair of boots (worn)
 x - a +0 cloak (worn)
Rods
 i - a +8 rod of ignition (10/10)
Jewellery
 c - an uncursed ring of ice
 j - a ring of protection from cold (right hand)
 q - a +3 ring of protection {unknown}
 t - an uncursed ring of magical power {unknown}
 z - a ring of poison resistance (left hand)
 B - an amulet of faith (around neck)
 N - an uncursed ring of resist corrosion {unknown}
Wands
 b - a wand of disintegration (3/24)
 g - a wand of digging (9/24)
 D - a wand of disintegration (12/24)
 X - a wand of paralysis (1/24)
Scrolls
 m - a scroll of magic mapping
 r - 3 scrolls of enchant weapon
 v - 2 scrolls of recharging
 E - 2 scrolls of fear
 G - 3 scrolls of enchant armour
 J - 2 scrolls of vulnerability
 O - a scroll of blinking
 R - 2 scrolls of teleportation
Potions
 o - 2 potions of cure mutation
 p - a potion of haste {unknown}
 s - a potion of resistance {unknown}
 u - 5 potions of flight
 w - 2 potions of heal wounds
 A - a potion of cancellation {unknown}
 C - a potion of might
 K - 2 potions of brilliance
 M - a potion of invisibility
 P - a potion of lignification
 Q - 2 potions of curing
 V - 2 potions of ambrosia
Miscellaneous
 F - a lamp of fire
 U - a phial of floods
 Z - a fan of gales
Comestibles
 a - 8 fruits
 f - 11 bread rations
 k - a meat ration
 S - 2 beef jerkies

Dungeon Overview and Level Annotations

Branches:
Dungeon (11/15)            Temple (1/1) D:6            Lair (2/8) D:11
    Orc (1/2) D:10

Altars:
Ashenzari
Cheibriados
Dithmenos
Elyvilon
Fedhas
Gozag
Kikubaaqudgha
Makhleb
Nemelex Xobeh
Okawaru
Pakellas
Qazlal
Ru
Sif Muna
Trog
Vehumet
Xom
Yredelemnul
Zin
The Shining One
Beogh

Shops:
D:8 %   D:9 }   D:11 [

Annotations:
D:7 exclusion: upstairs


Message History

You are too injured to fight recklessly!
You are too injured to fight recklessly!
You are too injured to fight recklessly!
You are too injured to fight recklessly!
You are too injured to fight recklessly!
You are too injured to fight recklessly!
You are too injured to fight recklessly!
You lop one of the seven-headed hydra's heads off!
The six-headed hydra grows two more!
You carve the eight-headed hydra like a ham!!!
Your headbutt misses the eight-headed hydra.
The eight-headed hydra is almost dead.
The eight-headed hydra bites you but does no damage. x2
The eight-headed hydra bites you! The eight-headed hydra misses you.
The eight-headed hydra bites you but does no damage.
The eight-headed hydra barely misses you.
The eight-headed hydra bites you. x2
You chop one of the eight-headed hydra's heads off!
The seven-headed hydra grows two more!
You slash the nine-headed hydra!
The nine-headed hydra is severely wounded.
The nine-headed hydra barely misses you.
The nine-headed hydra bites you but does no damage.
The nine-headed hydra misses you.
The nine-headed hydra bites you but does no damage. x2
The nine-headed hydra bites you!
The nine-headed hydra bites you but does no damage.
The nine-headed hydra bites you! x2
You lop one of the nine-headed hydra's heads off!
The eight-headed hydra grows two more!
You slash the ten-headed hydra! You headbutt the ten-headed hydra!
The ten-headed hydra is almost dead.
The ten-headed hydra completely misses you.
The ten-headed hydra bites you but does no damage.
The ten-headed hydra bites you!
You die...

### ##.## #...##
####...P# #.......#
##......P####
#..D@.......#####
*#...###.P##.#P..# #
#....**#####.....## #
#....,* #.P....# ##
#####** ###...## #.
**##...# #. *** *** ***
*#.##..####.
*,***,***,**#.#.P...#.#.
**,,,,,,,,,...........P.


You could see a ten-headed hydra.

Action                   |  1- 3 |  4- 6 |  7- 9 | 10-12 || total
-------------------------+-------+-------+-------+-------++-------
Melee: War axe           |   170 |   232 |   213 |       ||   615
       Battleaxe         |       |       |   315 |   516 ||   831
Throw: Javelin           |       |       |     4 |       ||     4
Evoke: Wand              |       |       |     1 |     7 ||     8
  Use: Scroll            |       |       |    11 |    13 ||    24
       Potion            |       |       |       |     4 ||     4
 Stab: Paralysed         |       |       |       |     8 ||     8
       Distracted        |       |       |       |     1 ||     1
  Eat: Chunk             |     2 |     9 |    15 |    13 ||    39
       Pizza             |       |       |     1 |       ||     1

Notes
Turn   | Place    | Note
--------------------------------------------------------------
     0 | D:1      | Duffy the Demonspawn Gladiator began the quest for the Orb.
     0 | D:1      | Reached XP level 1. HP: 16/16 MP: 1/1
   171 | D:1      | Reached skill level 3 in Axes
   276 | D:1      | Gained mutation: You are partially covered in iridescent scales (AC +4). [demonic ancestry]
   276 | D:1      | Reached XP level 2. HP: 22/22 MP: 2/2
   854 | D:2      | Gained mutation: You sometimes gain a little power by taking damage. [demonic ancestry]
   854 | D:2      | Reached XP level 3. HP: 22/27 MP: 3/3
  1055 | D:2      | Reached skill level 4 in Axes
  1580 | D:2      | Reached XP level 4. HP: 6/33 MP: 4/4
  1844 | D:2      | Found a burning altar of Makhleb.
  2110 | D:3      | Found a radiant altar of Vehumet.
  2115 | D:3      | Reached skill level 5 in Axes
  2132 | D:3      | Reached XP level 5. HP: 18/38 MP: 5/5
  2408 | D:3      | Found a shattered altar of Ashenzari.
  2439 | D:3      | Noticed Jessica
  2452 | D:3      | Killed Jessica
  2705 | D:3      | Reached skill level 6 in Axes
  2765 | D:3      | Found an oddly glowing altar of Pakellas.
  3089 | D:3      | Gained mutation: You are mostly covered in iridescent scales (AC +6). [demonic ancestry]
  3089 | D:3      | Reached XP level 6. HP: 30/44 MP: 6/6
  3734 | D:4      | Reached skill level 7 in Axes
  4117 | D:4      | Reached skill level 1 in Armour
  4117 | D:4      | Gained mutation: You have a pair of small horns on your head. [demonic ancestry]
  4117 | D:4      | Reached XP level 7. HP: 44/50 MP: 7/7
  4335 | D:4      | Reached skill level 2 in Armour
  4353 | D:5      | Entered Level 5 of the Dungeon
  4514 | D:5      | Noticed Fabri's ghost (novice NaTm)
  4723 | D:5      | Killed Fabri's ghost
  4723 | D:5      | Reached skill level 8 in Axes
  4723 | D:5      | Reached skill level 3 in Armour
  4723 | D:5      | Reached XP level 8. HP: 17/56 MP: 8/8
  5230 | D:5      | Found a glowing golden altar of the Shining One.
  5299 | D:5      | Reached skill level 3 in Fighting
  6130 | D:6      | Reached skill level 4 in Fighting
  6196 | D:6      | Reached skill level 9 in Axes
  6403 | D:6      | Reached skill level 5 in Fighting
  6610 | D:6      | Reached XP level 9. HP: 61/68 MP: 9/9
  6754 | D:6      | Found a staircase to the Ecumenical Temple.
  6817 | D:7      | Reached skill level 4 in Armour
  7337 | D:7      | Found a glowing silver altar of Zin.
  7398 | D:7      | Reached skill level 10 in Axes
  7441 | D:7      | Reached skill level 5 in Armour
  7586 | Temple   | Entered the Ecumenical Temple
  7594 | Temple   | Became a worshipper of Cheibriados the Contemplative
  7829 | D:6      | Noticed Edmund
  7846 | D:6      | Killed Edmund
  8197 | D:7      | Reached skill level 6 in Armour
  8714 | D:7      | Reached * piety under Cheibriados
  9004 | D:8      | Got a scorched ring mail
  9027 | D:8      | Gained mutation: You have a pair of horns on your head. [demonic ancestry]
  9027 | D:8      | Reached XP level 10. HP: 32/74 MP: 10/10
  9878 | D:8      | Found a shadowy altar of Dithmenos.
  9902 | D:8      | Found Koaxu Kett's Food Boutique.
 10006 | D:8      | Reached ** piety under Cheibriados
 10006 | D:8      | Reached skill level 11 in Axes
 10152 | D:8      | Noticed Gastronok
 10163 | D:8      | Killed Gastronok
 10163 | D:8      | Reached skill level 7 in Fighting
 10377 | D:9      | Found a deep blue altar of Sif Muna.
 10415 | D:9      | Found an opulent altar of Gozag.
 10646 | D:9      | Found a blossoming altar of Fedhas.
 10646 | D:9      | Found an ancient bone altar of Kikubaaqudgha.
 10918 | D:9      | Reached skill level 8 in Fighting
 11037 | D:9      | Identified the +5 ring mail of Parlour Games {*Contam rF+ MR+++ Int+4} (You found it on level 8 of the Dungeon)
 11119 | D:9      | Reached *** piety under Cheibriados
 11243 | D:9      | Reached skill level 12 in Axes
 11243 | D:9      | Reached skill level 3 in Dodging
 11471 | D:9      | Gained mutation: Your flesh is heat resistant. [demonic ancestry]
 11471 | D:9      | Reached XP level 11. HP: 66/85 MP: 11/11
 11812 | D:9      | Found Jyklan's Gadget Emporium.
 11981 | D:10     | Entered Level 10 of the Dungeon
 12051 | D:10     | Reached skill level 1 in Invocations
 12143 | D:10     | Reached **** piety under Cheibriados
 12219 | D:10     | Reached skill level 4 in Dodging
 12287 | D:10     | Noticed a hill giant
 12296 | D:10     | Killed a hill giant
 12296 | D:10     | Reached skill level 2 in Invocations
 12633 | D:10     | Noticed a hill giant
 12640 | D:10     | Killed a hill giant
 12835 | D:10     | Reached skill level 3 in Invocations
 12872 | D:10     | Noticed Kilrog's ghost (novice SpAs)
 12884 | D:10     | Killed Kilrog's ghost
 13008 | D:10     | Found a staircase to the Orcish Mines.
 13118 | Orc:1    | Entered Level 1 of the Orcish Mines
 13270 | Orc:1    | Found a roughly hewn altar of Beogh.
 13320 | Orc:1    | Reached ***** piety under Cheibriados
 13320 | Orc:1    | Reached skill level 4 in Invocations
 13328 | Orc:1    | Reached skill level 5 in Dodging
 14146 | D:11     | Found Lacilec's Armour Shop.
 14151 | D:11     | Found a staircase to the Lair.
 14164 | D:11     | Reached skill level 13 in Axes
 14164 | D:11     | Reached skill level 5 in Invocations
 14806 | Lair:1   | Entered Level 1 of the Lair of Beasts
 14810 | Lair:1   | Noticed a seven-headed hydra
 14826 | Lair:1   | Killed a 14-headed hydra
 14826 | Lair:1   | Reached skill level 6 in Dodging
 14826 | Lair:1   | Reached skill level 6 in Invocations
 14826 | Lair:1   | Reached XP level 12. HP: 87/90 MP: 16/16
 14844 | Lair:1   | Noticed Fannar
 14858 | Lair:1   | Killed Fannar
 15182 | Lair:1   | Reached ****** piety under Cheibriados
 15802 | Lair:2   | Reached skill level 7 in Invocations
 15815 | Lair:2   | Found a labyrinth entrance.
 15834 | Lab      | Entered a labyrinth
 15894 | Lab      | Noticed a minotaur
 15904 | Lab      | Killed a minotaur
 16219 | Lair:2   | Noticed an eight-headed hydra
 16226 | Lair:2   | Killed a 12-headed hydra
 16228 | Lair:2   | Reached skill level 14 in Axes
 16646 | Lair:2   | Noticed a four-headed hydra
 16656 | Lair:2   | Slain by a ten-headed hydra

Vault maps used:
D:1:      dpeg_arrival_court
D:2:      makhleb_blood_cavern_becter
D:3:      ashenzari_conservatory_becter, old_standard_altar, first_bread,
          grunt_pakellas_salt, uniq_jessica
D:4:      corexii_item_surrounded_by_moat
D:5:      wad_lake_hut, nicolae_tso_swordbearing_angel
D:6:      minmay_temple_entry_from_below_a, uniq_edmund
D:7:      zin_scriptorium, the_bakery, hangedman_misty_isle
D:8:      lemuel_ice_spiral_2, serial_shops, nicolae_shop_waterfront,
          st_stairs_12, hangedman_decor_growths,
          nicolae_dithmenos_through_a_glass_darkly, uniq_gastronok
D:9:      grunt_temple_overflow_growth_and_decay, kennysheep_mini_moat,
          nicolae_gozag_cash_rules_everything_around_me, serial_shops,
          nicolae_shop_temple_entry_statues_fountains,
          small_chamber_with_monster
D:10:     minmay_orc_entry_guard_dogs, uniq_erica
D:11:     lair_0_dummy, serial_shops, shop
Temple:   temple_eino_lava_12
Lair:1:   uniq_fannar
Lair:2:   lab_entry_generic
Orc:1:    basic_altar
Lab:      labyrinth_green, lab_fountain

Vanquished Creatures
  Gastronok
  A minotaur Fannar
  2 hydras
  The ghost of Kilrog the Magus, a novice SpAs of Nemelex Xobeh
  2 hill giants
  A cyclops
  The ghost of Fabri the Magician, a novice NaTm
  2 centaur zombies
  2 black mambas
  2 spiny frogs
  2 trolls
  A two-headed ogre
  A slime creature (shapeshifter)
  2 wyverns
  A vampire
  A spriggan
  12 yaks
  3 hippogriffs
  3 basilisks
  A hungry ghost
  2 steam dragons Edmund
  A mottled dragon
  6 wolves
  2 insubstantial wisps
  3 wargs
  4 water moccasins
  A porcupine
  5 orc warriors
  5 sky beasts
  A black bear
  2 ice beasts
  6 ogres
  6 centaurs
  2 necrophages
  An eye of draining
  2 phantoms
  5 crocodiles
  9 giant frogs
  A water moccasin zombie
  3 scorpions
  A wyvern skeleton
  4 killer bees
  4 howler monkeys
  3 wights
  3 jellies
  8 crimson imps
  2 giant frog zombies
  A quasit
  3 hounds
  11 orc wizards
  A centaur skeleton
  4 orc priests
  2 giant frog skeletons Jessica
  7 worker ants
  7 iguanas
  A killer bee zombie
  5 sheep
  A hound zombie
  A worker ant zombie
  18 gnolls
  14 adders
  17 river rats
  3 shadow imps
  5 oozes
  An adder zombie
  3 adder skeletons
  3 worms
  6 giant geckos
  45 orcs
  4 giant cockroaches
  13 goblins
  8 hobgoblins
  15 jackals
  4 quokkas
  4 bats
  9 giant newts
  2 jackal skeletons
  A jackal zombie
  7 kobolds
  6 rats
  A fungus
370 creatures vanquished.
